 Dungeon Crawl Stone Soup version 0.31-a0-542-gdc2a67831c (webtiles) character file.

Game seed: 10357548986425860943

401 Crownlay the Magician (level 6, -6/36 HPs)
             Began as an Octopode Earth Elementalist on Aug 14, 2023.
             Killed by divine providence
             ... invoked by an orc priest
              (17 damage)
             ... on level 4 of the Dungeon.
             The game lasted 00:05:07 (4176 turns).

Crownlay the Magician (Octopode Earth Elementalist) Turns: 4176, Time: 00:05:08

Health: -6/36      AC:  1    Str:  7    XL:     6   Next: 85%
Magic:  0/13       EV: 13    Int: 20    God:
Gold:   195        SH:  0    Dex: 12    Spells: 6/14 levels left

rFire   . . .        g - +0 dagger (protect)
rCold   . . .        (no shield)
rNeg    . . .        (helmet restricted)
rPois   +            (no amulet)
rElec   .            c - ring of poison resistance
rCorr   .            (no ring)
SInv    .            (no ring)
Will    .....        (no ring)
Stlth   +++          (no ring)
HPRegen 0.26/turn    (no ring)
MPRegen 0.13/turn    (no ring)
                     (no ring)

%: no passive effects
@: no status effects
A: almost no armour, amphibious, 8 rings, camouflage 1, gelatinous body 1,
(nimble swimmer 1), tentacles
a: no special abilities


You were on level 4 of the Dungeon.
You visited 1 branch of the dungeon, and saw 4 of its levels.

You collected 195 gold pieces.

Inventory:

Hand Weapons
 g - a +0 dagger of protection (weapon)
Jewellery
 c - a ring of poison resistance (left tentacle)
 l - a ring of magical power
Scrolls
 f - a scroll of summoning
 h - a scroll of vulnerability
 k - a scroll of enchant armour
 m - a scroll of fog {unknown}
Potions
 a - a potion of magic
 b - a potion of mutation {unknown}
 d - a potion of curing {unknown}
 e - 2 potions of heal wounds {unknown}
 i - 2 potions of attraction {unknown}
 j - a potion of berserk rage {unknown}


   Skills:
 - Level 2.0 Dodging
 - Level 2.6 Stealth
 * Level 4.9 Spellcasting
 + Level 2.9 Transmutations
 + Level 4.6 Earth Magic


You had 6 spell levels left.
You knew the following spells:

 Your Spells              Type           Power      Damage    Failure   Level
a - Sandblast             Erth           46%        2d11      1%          1
b - Stone Arrow           Conj/Erth      28%        3d8       14%         3
c - Petrify               Tmut/Erth      20%        N/A       24%         4

Your spell library contained the following spells:

 Spells                   Type           Power      Damage    Failure   Level
 Passwall                 Tmut/Erth      16%        N/A       3%          2
 Cigotuvi's Dreadful Rot  Necr/Pois/Air  8%         N/A       19%         2
 Ensorcelled Hibernation  Hex/Ice        8%         N/A       19%         2
 Ignite Poison            Fire/Tmut/Pois 8%         N/A       24%         3
 Inner Flame              Hex/Fire       4%         N/A       34%         3
 Swiftness                Air            4%         N/A       34%         3
 Yara's Violent Unravell  Hex/Tmut       5%         3d4       87%         5
 Freezing Cloud           Conj/Ice/Air   2%         6-21      97%         5
 Enfeeble                 Hex            2%         N/A       100%        7


Dungeon Overview and Level Annotations

Branches:
Dungeon (4/15)
 Temple: D:4-7

Altars:

Shops:
D:1 (


Innate Abilities, Weirdness & Mutations

You cannot wear most types of armour.
You are amphibious.
You can wear up to eight rings at the same time.
Your skin changes colour to match your surroundings (Stealth+).
Your rubbery body absorbs attacks. (AC +1, EV +1)
((You are camouflaged when in or above water. (Stealth+)))
You have tentacles for arms and can constrict up to eight enemies at once.


Message History

The blast of sand hits the gnoll!
The gnoll is heavily wounded.
The orc warrior shouts!
You hear a shout! x2
The orc warrior unwields a +4 dire flail of protection.
The orc warrior wields a +0 orcbow.
The orc warrior shoots an arrow.
The arrow hits you but does no damage.
You hear a shout!
Casting: Sandblast (safe; 1% risk of failure)
Confirm with . or Enter, or press ? or * to list all spells.
Aiming: Sandblast (safe; 1% risk of failure)
Press: ? - help, Shift-Dir - straight line, f/p - gnoll
Aim: a gnoll, wielding a +0 spear and quivering stones (heavily wounded, 85% to hit)
The blast of sand hits the gnoll!
You kill the gnoll!
The orc warrior shoots an arrow.
The arrow completely misses you.
You hear a shout!
The orc warrior shoots an arrow.
The arrow closely misses you.
Items here: ( )) †.
The orc warrior shoots an arrow.
The arrow hits you.
The orc warrior shoots an arrow.
The arrow barely misses you.
You hear a shout!
Casting: Sandblast (safe; 1% risk of failure)
Confirm with . or Enter, or press ? or * to list all spells.
Aiming: Petrify (extremely dangerous; 24% risk of failure)
Press: ? - help, Shift-Dir - straight line, f - orc warrior
Aim: an orc warrior, wielding a +0 orcbow and wearing a +0 chain mail (chance to affect: 52%)
The orc warrior resists with significant effort.
Casting: Petrify (extremely dangerous; 24% risk of failure)
Confirm with . or Enter, or press ? or * to list all spells.
Aiming: Petrify (extremely dangerous; 24% risk of failure)
Press: ? - help, Shift-Dir - straight line, f/p - orc warrior
Aim: an orc warrior, wielding a +0 orcbow and wearing a +0 chain mail (chance to affect: 52%)
The orc warrior is moving more slowly.
The orc warrior shoots an arrow.
The arrow hits you.
The orc warrior shoots an arrow.
The arrow hits you!
The orc warrior shoots an arrow.
The arrow hits you!
The orc warrior stops moving altogether!
The orc priest calls down the wrath of Beogh upon you.
Beogh smites you!
You die...

#.#####...........#..#
##.....).###.....##..# #...
#.....)).# ###.......##
#...####.....>.##
#........###
##.....##.......#
##....>.#...#
...#............##
#.....†.###..
...##......##....#
##......## ##. ##..##...#
#....###.......# #.
#........####...@....#####.#
#. .........o..o.####..##
#.# ##. ..####.....####
#...#####.####.. . ##..o.##
#<..............
.####......#
#...#####.<....#
##...o..##..# #..## #....###
....#..## #..# ##..# #...##
# ........# #..###...# #...#
...P.....# #..#...## ##...##
#


You could see an orc warrior (petrified) and an orc priest.

Vanquished Creatures
  An ogre (D:4)
  A scorpion (D:3)
  An orc wizard (D:3)
  5 gnolls
  7 adders
  A white imp (D:4)
  3 worms
  3 dart slugs
  6 orcs
  6 endoplasms
  3 giant cockroaches
  7 hobgoblins
  4 jackals (D:1)
  5 quokkas
  9 ball pythons
  12 bats
  4 frilled lizards
  12 goblins
  9 kobolds
  4 rats
103 creatures vanquished.

Notes
Turn   | Place    | Note
-------+----------+-------------------------------------------
     0 | D:1      | Crownlay the Octopode Earth Elementalist began the quest
                  | for the Orb.
     0 | D:1      | Reached XP level 1. HP: 11/11 MP: 3/3
   130 | D:1      | Reached XP level 2. HP: 16/17 MP: 3/5
   328 | D:1      | Found Souq's Antique Weapon Shop.
   339 | D:1      | Reached XP level 3. HP: 21/21 MP: 1/7
   731 | D:1      | Learned a level 3 spell: Stone Arrow
   864 | D:1      | Reached XP level 4. HP: 27/27 MP: 3/8
  1409 | D:2      | Reached XP level 5. HP: 31/31 MP: 7/10
  1641 | D:2      | Learned a level 4 spell: Petrify
  3617 | D:4      | Reached XP level 6. HP: 24/36 MP: 8/12
  3719 | D:4      | Noticed an orc warrior
  4176 | D:4      | Killed from afar by an orc priest

Illustrated notes

Levels and vault maps discovered:
D:1:      dpeg_arrival_shelter, layout_basic, serial_shops, shop, serial_bayou,
          serial_bayou_shore_b, serial_bayou_lagoon_b, serial_bayou_lake_a,
          serial_bayou_pond_c, kennysheep_crisscross, minmay_small_reverse_x
D:2:      layout_basic
D:3:      layout_basic, hangedman_decor_growths
D:4:      layout_layer_cave, nicolae_grassy_gnolls

Skill      XL: |  1  2  3  4  5 |
---------------+----------------+-----
Spellcasting   | 3 4 |  4.9
Earth Magic    | 4 |  4.6
Transmutations | 2 |  2.9
Dodging        | |  2.0
Stealth        | |  2.6

Action                     |  1- 3 |  4- 6 || total
---------------------------+-------+-------++-------
  Melee: Dagger            |    13 |    10 ||    23
         Tentacles         |     4 |     3 ||     7
         Constrict         |     4 |       ||     4
   Cast: Sandblast         |    45 |   112 ||   157
         Petrify           |       |     4 ||     4
    Use: Scroll            |       |     3 ||     3
   Stab: Petrified         |       |     6 ||     6
 Armour: Skin              |     3 |    10 ||    13
  Dodge: Dodged            |    12 |    53 ||    65

Table legend: (Time is in decaauts)
 A = Elapsed time spent in this place.
 B = Non-inter-level travel time spent in this place.
 C = Inter-level travel time spent in this place.
 D = Time resting spent in this place.
 E = Time spent auto-exploring this place.
 F = Levels seen in this place.
 G = Mean time per level.
                   A        B        C        D        E       F      G
               +--------+--------+--------+--------+--------+-----+--------+
         Total |   4253 |   4136 |    117 |      0 |   3477 |   4 | 1063.2 |
       Dungeon |   4253 |   4136 |    117 |      0 |   3477 |   4 | 1063.2 |
               +--------+--------+--------+--------+--------+-----+--------+

Top non-repeatable levels by time:
     D:4: 1373 daAuts
     D:1: 1048 daAuts
     D:3: 993 daAuts
     D:2: 837 daAuts
